Map: Terraform LE (Void)

Players

UmbeTheRock

  • Race: Protoss Protoss
  • League: Grandmaster

wabbajack - Winner!

  • Race: Zerg Zerg
  • League: Grandmaster

VOD

Have the link to the VOD?

Description

Time

  • Played on: July 14, 2015, 12:57 p.m.
  • Length: 8:45
Show
View Real Time Build Order
Export as new Build Order

UmbeTheRock Protoss 

Build Orders:  

Get SALT Encoding   

  12  0:03  Probe  
  13  0:23  Probe  
  14  0:39  Pylon  
  14  0:44  Assimilator  
  14  0:57  Gateway  
  14  0:59  Gateway  
  14  1:03  Gateway  
  14  1:04  Probe (Chrono Boost)  
  15  1:16  Probe (Chrono Boost)  
  16  1:23  Probe (Chrono Boost)  
  17  1:28  Pylon  
  17  1:33  Probe  
  18  1:45  Probe  
  19  1:48  Zealot  
  19  1:50  Zealot  
  23  1:55  Zealot  
  25  2:05  Cybernetics Core  
  25  2:09  Probe  
  26  3:26  Pylon  
  26  3:27  Pylon  
  26  3:29  Pylon, Zealot x2  
  26  3:32  Twilight Council  
  30  3:41  Nexus  
  30  3:43  Warp Gate (Chrono Boost)  
  30  3:44  Mothership Core, Zealot  
  30  3:45  Gateway  
  34  3:59  Adept x2  
  38  4:06  Probe  
  38  4:11  Adept  
  30  5:00  Probe (Chrono Boost)  
  31  5:10  Probe (Chrono Boost)  
  31  5:12  Stalker x2  
  36  5:17  Probe (Chrono Boost)  
  38  5:28  Probe (Chrono Boost)  
  38  5:34  Probe  
  39  5:45  Stalker  
  39  5:46  Stalker  
  39  5:47  Probe  
  44  5:53  Zealot x2  
  49  6:05  Probe (Chrono Boost)  
  49  6:13  Probe (Chrono Boost)  
  49  6:14  Assimilator  
  51  6:22  Probe (Chrono Boost)  
  51  6:23  Probe (Chrono Boost)  
  52  6:28  Probe (Chrono Boost)  
  41  7:31  Stalker x3  
  41  7:32  Stalker  
  41  7:35  Probe (Chrono Boost)  
  33  7:44  Gateway  
  33  7:45  Probe (Chrono Boost)  
  33  7:46  Gateway  
  33  7:49  Gateway  
  33  7:50  Probe (Chrono Boost)  
  34  7:54  Probe (Chrono Boost)  
  35  8:01  Pylon  
  35  8:03  Probe (Chrono Boost)  
  35  8:04  Pylon  
  37  8:06  Pylon  
  37  8:10  Probe (Chrono Boost), Zealot  
  37  8:11  Zealot  
  37  8:12  Probe (Chrono Boost)  
  42  8:14  Zealot  
  42  8:18  Probe (Chrono Boost)  
  45  8:25  Zealot  
  47  8:30  Probe  
  48  8:40  Stalker x2  
Show
View Real Time Build Order
Export as new Build Order

wabbajack Zerg - Winner!

Build Orders: 3 Hatch before Pool 

Get SALT Encoding   

  12  0:01  Drone  
  13  0:09  Drone  
  14  0:17  Extractor  
  14  0:18  Drone  
  15  0:41  Hatchery  
  14  0:52  Extractor  
  14  0:53  Drone  
  14  0:54  Drone, Extractor  
  16  1:15  Hatchery  
  15  1:29  Spawning Pool  
  15  1:31  Extractor  
  13  1:37  Overlord  
  13  1:41  Drone  
  14  2:03  Drone x4  
  18  2:14  Drone  
  19  2:16  Drone x2  
  21  2:25  Queen  
  23  2:34  Metabolic Boost  
  23  2:39  Drone x2  
  23  2:41  Drone  
  26  2:48  Queen  
  28  2:54  Queen  
  30  3:07  Overlord x2  
  30  3:08  Overlord  
  30  3:10  Zergling x2  
  30  3:12  Zergling x2  
  32  3:18  Overlord  
  32  3:37  Zergling x2  
  32  3:38  Zergling x18  
  42  3:58  Drone  
  42  3:59  Drone x5  
  42  4:00  Extractor  
  36  5:00  Evolution Chamber  
  36  5:01  Evolution Chamber  
  36  5:06  Hatchery  
  32  5:10  Drone x3  
  32  5:11  Drone  
  32  5:12  Drone  
  32  5:14  Drone x6  
  39  5:15  Drone x2  
  39  5:16  Hatchery, Drone x2  
  39  5:17  Overlord x2  
  46  5:23  Drone  
  46  5:24  Roach Warren  
  46  5:25  Lair  
  46  5:31  Zerg Ground Armor Level 1  
  46  5:46  Zerg Melee Weapons Level 1  
  46  5:56  Drone x2  
  46  5:57  Drone  
  49  5:58  Drone x2  
  49  5:59  Drone  
  49  6:03  Drone x3  
  49  6:04  Drone  
  56  6:05  Drone x3  
  56  6:06  Drone  
  56  6:07  Drone  
  56  6:09  Extractor  
  56  6:10  Drone  
  61  6:11  Extractor  
  61  6:15  Drone x3  
  61  6:16  Drone x3  
  66  6:22  Queen  
  68  6:29  Infestation Pit  
  68  6:30  Roach x6  
  79  6:35  Zergling x2  
  79  6:36  Zergling x10  
  67  7:02  Roach x10  
  71  7:52  Queen  
  71  7:54  Overlord x3  
  71  7:56  Zergling x28  
  71  7:57  Zergling x2  
  88  7:59  Hatchery  
  87  8:07  Ravager  
  88  8:24  Overlord x2  
  90  8:34  Extractor  
  90  8:35  Extractor  
Tags
 
Add a new tag
Caveats
  • Supply blocks, unpowered buildings, or Contaminate may cause inaccurate times.
  • Supply counts are checked every 10 seconds.